 Dungeon Crawl Stone Soup version 0.24-a0-309-g1095bcad4c (webtiles) character file.

Game seed: 10383946647102845344

114 HAL9000 the Sneak (level 4, 0/23 HPs)
             Began as a Vine Stalker Assassin on May 14, 2019.
             Slain by a wight
             ... wielding a cursed +4 battleaxe
              (6 damage)
             ... on level 3 of the Dungeon.
             The game lasted 00:02:50 (1912 turns).

HAL9000 the Sneak (Vine Stalker Assassin)           Turns: 1912, Time: 00:02:50

Health: 0/23       AC:  7    Str: 14    XL:     4   Next: 97%
Magic:  0/5        EV: 11    Int: 11    God:
Gold:   118        SH:  0    Dex: 16    Spells: 3/3 levels left

rFire    . . .     SeeInvis .   a - +2 dagger
rCold    . . .     Gourm    .   (no shield)
rNeg     . . .     Faith    .   b - +0 robe
rPois    .         Spirit   +   (no helmet)
rElec    .         Reflect  .   c - +0 cloak
rCorr    .         Harm     +   (no gloves)
MR       .....                  (no boots)
Stlth    +++.......             h - amulet of harm
HPRegen  0.47/turn              m - +4 ring of protection
MPRegen  0.09/turn              (no ring)

@: lightly drained
A: fangs 2, regeneration 1, magic shield, antimagic bite, no potion heal 3, rot
immunity
a: no special abilities


You were on level 3 of the Dungeon.
You were not hungry.

You visited 1 branch of the dungeon, and saw 3 of its levels.

You collected 118 gold pieces.

Inventory:

Hand Weapons
 a - a +2 dagger (weapon)
Missiles
 d - 8 poisoned darts (quivered)
 e - 2 curare-tipped darts
Armour
 b - a +0 robe (worn)
 c - a +0 cloak (worn)
Jewellery
 h - an amulet of harm (around neck)
 m - a +4 ring of protection (left hand)
Scrolls
 g - 3 scrolls of identify {unknown}
 i - 4 scrolls of remove curse {unknown}
 k - a scroll of blinking {unknown}
 n - a scroll of fog {unknown}
 o - a scroll of noise {unknown}
Potions
 j - a potion of curing {unknown}
 l - a potion of agility {unknown}
Comestibles
 f - 3 rations


   Skills:
 - Level 1.7(1.3) Fighting
 + Level 2.6(2.1) Short Blades
 - Level 1.7(1.3) Throwing
 - Level 0.7(0.3) Dodging
 + Level 7.2(6.7) Stealth


You had 3 spell levels left.
You didn't know any spells.
Your spell library was empty.

Dungeon Overview and Level Annotations

Branches:
Dungeon (3/15)

Altars:
Wu Jian
Xom


Innate Abilities, Weirdness & Mutations

You have extremely sharp teeth.
Your natural rate of healing is unusually fast.
When hurt, damage is shared between your health and your magic reserves.
Your bite disrupts and absorbs the magic of your enemies.
Potions cannot restore your health.
You are immune to rotting.


Message History

You feel drained.
* * * LOW HITPOINT WARNING * * *
You hit the wight.
The wight is moderately damaged.
You closely miss the wight. You bite the wight. You drain its power.
You feel invigorated.
The wight is moderately damaged.
The wight misses you.
You hit the wight but do no damage.
The wight is moderately damaged.
The wight closely misses you.
You hit the wight but do no damage.
The wight is moderately damaged.
You hit the wight.
The wight is heavily damaged.
The wight misses you.
You closely miss the wight.
The wight is heavily damaged.
The wight hits you with a cursed +4 battleaxe!
You die...

#.# #.# ..##..#.. .. #..
#.# #.##.... ... ##. #.#
#.#..# #.# # #.#####...#
...# # #........## #.#.#
##. #
..########...##..#.#....
# #.# #.............# #
#.# ##....#.z###._# #
#.# #.....#..@....#
###.####....##.#####.#
......##<..###.. ..
..#.†........... ...
..†.............. ..#
.#....#..#######. .#
...........# .
..#.........#
.............#


You could see a wight.

Vanquished Creatures
  Terence (D:2)
  4 adders
  3 dart slugs
  A leopard gecko (D:2)
  A ball python (D:2)
  3 giant cockroaches (D:2)
  5 goblins
  3 hobgoblins
  4 jackals (D:2)
  A quokka (D:2)
  3 bats
  9 frilled lizards
  6 kobolds
  3 rats
47 creatures vanquished.

Notes
Turn   | Place    | Note
-------+----------+-------------------------------------------
     0 | D:1      | HAL9000 the Vine Stalker Assassin began the quest for the
                  | Orb.
     0 | D:1      | Reached XP level 1. HP: 11/11 MP: 2/2
    74 | D:1      | Reached skill level 5 in Stealth
   137 | D:1      | Reached XP level 2. HP: 12/15 MP: 3/3
   842 | D:2      | Noticed Terence
   861 | D:2      | Killed Terence
   861 | D:2      | Reached skill level 6 in Stealth
   861 | D:2      | Reached XP level 3. HP: 14/18 MP: 4/4
   894 | D:2      | Gained mutation: Your natural rate of healing is unusually
                  | fast. [Vine Stalker growth]
   894 | D:2      | Reached XP level 4. HP: 18/23 MP: 5/5
  1324 | D:2      | Reached skill level 7 in Stealth
  1596 | D:2      | Found an ornate altar of the Wu Jian Council.
  1893 | D:3      | Found a shimmering altar of Xom.
  1912 | D:3      | Slain by a wight

Levels and vault maps discovered:
D:1:      minmay_arrival_five_plusses, layout_loops_ring, minmay_lizard_pond
D:2:      layout_loops_cross, lemuel_doored_altar, uniq_terence
D:3:      layout_rooms, overflow_temple_1_default, first_ration

Skill      XL: |  1  2  3  4 |
---------------+-------------+-----
Stealth        | 5 6 7 |  7.2
Short Blades   | 2 |  2.6
Fighting       | |  1.7
Throwing       | |  1.7
Dodging        | |  0.7

Action                   |  1- 3 |  4- 6 || total
-------------------------+-------+-------++-------
Melee: Dagger            |    70 |    78 ||   148
       Bite              |    18 |    17 ||    35
Throw: Dart              |     4 |     3 ||     7
 Stab: Sleeping          |     4 |     2 ||     6
  Eat: Chunk             |       |     3 ||     3
Armor: Robe              |    25 |    37 ||    62
Dodge: Dodged            |    30 |    50 ||    80

Table legend:
 A = Non-vault XP
 B = Vault XP
 C = Vault XP percentage of total XP
 D = Non-vault monster count
 E = Vault monster count
 F = Vault count percentage of total count
                 A         B        C        D         E       F
            +---------+---------+-------+---------+---------+-------
      Total |     121 |      42 |  25.8 |      40 |       7 |  14.9
            +---------+---------+-------+---------+---------+-------
        D:1 |      21 |       6 |  22.2 |      11 |       6 |  35.3
        D:2 |      73 |      36 |  33.0 |      26 |       1 |   3.7
        D:3 |      27 |       0 |   0.0 |       3 |       0 |   0.0
            +---------+---------+-------+---------+---------+-------
